 Dungeon Crawl Stone Soup version 0.31-a0-931-g7b59d4eb97 (webtiles) character file.

Game seed: 11140601081142351682

317 Ekaitz the Insei (level 6, -3/66 HPs)
             Began as a Demonspawn Shapeshifter on Oct 19, 2023.
             Was an Initiate of Kikubaaqudgha.
             Slain by a gnoll
             ... wielding a +0 whip of electrocution
             ... led by a gnoll bouda
              (18 damage)
             ... on level 4 of the Dungeon.
             The game lasted 00:09:12 (3681 turns).

Ekaitz the Insei (Demonspawn Shapeshifter)          Turns: 3681, Time: 00:09:14

Health: -3/66      AC: 23    Str: 14    XL:     6   Next: 20%
Magic:  3/7        EV:  2    Int: 11    God:    Kikubaaqudgha [......]
Gold:   145        SH:  0    Dex: 15    Spells: 6/7 levels left

rFire   . .          .
                       - Unarmed
rCold   . . .        (no shield)
rNeg    . . .        a - melded +0 animal skin
rPois   +            r - melded +0 helmet
rElec   .            (cloak currently unavailable)
rCorr   .            q - melded +0 pair of gloves
SInv    .            (boots currently unavailable)
Will    .....        (no amulet)
Stlth   ++           (no ring)
HPRegen 0.31/turn    (no ring)
MPRegen 0.10/turn

%: no passive effects
@: tree-form, very slightly contaminated
A: stationary, stasis, torment immunity, boosted hp, demonic guardian 1, ignite
blood 1, (sanguine armour 1)
a: Renounce Religion


You were on level 4 of the Dungeon.
You worshipped Kikubaaqudgha.
Kikubaaqudgha was noncommittal.
You were a tree.
You visited 1 branch of the dungeon, and saw 4 of its levels.

You collected 145 gold pieces.

Inventory:

Hand Weapons
 e - a +0 rapier
 s - a +4 club
Missiles
 h - 35 stones
 i - 8 poisoned darts
Armour
 a - a +0 animal skin (melded)
 q - a +0 pair of gloves (melded)
 r - a +0 helmet (melded)
Talismans
 c - a beast talisman
 d - a flux talisman
Scrolls
 f - 2 scrolls of identify {unknown}
 k - a scroll of immolation
 l - 2 scrolls of fog {unknown}
 m - a scroll of blinking {unknown}
 o - 2 scrolls of fear {unknown}
 p - a scroll of butterflies {unknown}
 t - a scroll of enchant weapon {unknown}
Potions
 g - 3 potions of heal wounds {unknown}
 j - a potion of cancellation {unknown}
 n - a potion of curing {unknown}
 u - a potion of ambrosia {unknown}


   Skills:
 * Level 2.2 Fighting
 * Level 2.6 Dodging
 + Level 0.6 Stealth
 * Level 4.3 Unarmed Combat
 * Level 1.2 Spellcasting
 * Level 0.1 Necromancy
 * Level 1.4 Earth Magic
 * Level 3.4 Shapeshifting


You had 6 spell levels left.
You knew the following spells:

 Your Spells              Type           Power      Damage    Failure   Level
a - Sandblast             Erth           6%         2d5       17%         1

Your spell library contained the following spells:

 Spells                   Type           Power      Damage    Failure   Level


Dungeon Overview and Level Annotations

Branches:
Dungeon (4/15)
 Temple: D:4-7

Altars:
Kikubaaqudgha

Annotations:
D:3 1 runed translucent door, knightboat's ghost, amateur VSFi


Innate Abilities, Weirdness & Mutations

You are a tree.
Your roots penetrate the ground, keeping you stationary.
You cannot be teleported.
You are immune to unholy pain and torment.
Your maximum health is greatly increased.
Your equipment is partially melded.
A weak demonic guardian rushes to your aid.
Your demonic aura sometimes causes spilled blood to erupt in flames.
((When seriously injured, your blood forms armour. (AC +0)))


Message History

You miscast Sandblast.
Nothing appears to happen.
Unknown command.
Casting: Sandblast (safe; 17% risk of failure)
Confirm with . or Enter, or press ? or * to list all spells.
Aiming: Sandblast (safe; 17% risk of failure)
Press: ? - help, Shift-Dir - straight line, f - gnoll, p - gnoll
Aim: a gnoll, wielding a +1 heavy flail (covering ground quickly, 83% to hit)
The blast of sand misses the gnoll.
The blast of sand hits the gnoll.
The gnoll is moderately wounded.
The gnoll is no longer moving quickly.
Unknown command.
You hit the gnoll.
The gnoll is lightly wounded.
The gnoll is no longer moving quickly.
Casting: Sandblast (safe; 17% risk of failure)
Confirm with . or Enter, or press ? or * to list all spells.
Aiming: Sandblast (safe; 17% risk of failure)
Press: ? - help, Shift-Dir - straight line, f/p - gnoll
Aim: a gnoll, wielding a +1 heavy flail (moderately wounded, 83% to hit)
The blast of sand hits the gnoll.
The gnoll is heavily wounded.
The gnoll hits you with a +0 whip of electrocution. x2
Your blood congeals into armour.
You are electrocuted!!
* * * LOW HITPOINT WARNING * * *
The gnoll hits you but does no damage.
Unknown command.
Your transformation has ended.
Your +0 helmet unmelds from your body.
Your +0 pair of gloves unmelds from your body.
You turn into a tree.
Your +0 helmet melds into your body.
Your +0 pair of gloves melds into your body.
Your +0 animal skin melds into your body.
Your roots penetrate the ground.
Your blood armour dries and flakes away.
The gnoll hits you but does no damage. The gnoll completely misses you.
You completely miss the gnoll.
The gnoll is heavily wounded.
The gnoll hits you but does no damage.
You are electrocuted!!
You die...
Kikubaaqudgha rasps: "You have failed me!
Welcome... death!"

### #.##.....#
..#####.##.....#
........###.#.##
..#.....# #.#.#
###.....# #.#.#
#.....# #.#.# #.....#
#...#
###.....#####.#######
................♣gg.#
###....######.####g##
........# #.# #.#
#######.#####.# #g#
..............# #.#
..............# #.#
≈≈≈.≈.........# #.#
....≈..######.# #.#
..≈.≈..# # #.#


You could see 3 gnolls.

Vanquished Creatures
  A hound (D:4)
  A gnoll bouda (D:4)
  An iguana (D:4)
  Robin (D:3)
  3 adders
  3 dart slugs
  7 orcs
  5 endoplasms
  2 giant cockroaches
  6 goblins
  7 hobgoblins
  6 jackals (D:2)
  2 quokkas (D:1)
  5 ball pythons
  5 bats
  A frilled lizard (D:2)
  3 kobolds
  4 rats
63 creatures vanquished.

Vanquished Creatures (collateral kills)
  A phantom (D:4)
  An iguana (D:4)
  An endoplasm (D:3)
  6 goblins (D:3)
  4 hobgoblins
13 creatures vanquished.

Grand Total: 76 creatures vanquished

Notes
Turn   | Place    | Note
-------+----------+-------------------------------------------
     0 | D:1      | Ekaitz the Demonspawn Shapeshifter began the quest for the
                  | Orb.
     0 | D:1      | Reached XP level 1. HP: 15/15 MP: 1/1
   120 | D:1      | Reached skill level 3 in Unarmed Combat
   144 | D:1      | Gained mutation: A weak demonic guardian rushes to your
                  | aid. [demonic ancestry]
   144 | D:1      | Reached XP level 2. HP: 16/21 MP: 2/2
  1042 | D:2      | Identified the of Ochuesun
  1124 | D:2      | Gained mutation: When seriously injured, your blood forms
                  | armour. (AC +0) [demonic ancestry]
  1124 | D:2      | Reached XP level 3. HP: 23/26 MP: 3/3
  1492 | D:2      | Found a faded altar of an unknown god.
  1549 | D:2      | Learned a level 1 spell: Sandblast
  2115 | D:3      | Reached XP level 4. HP: 30/33 MP: 4/4
  2419 | D:3      | Noticed Robin
  2439 | D:3      | Killed Robin
  2582 | D:3      | Found a runed translucent door.
  2584 | D:3      | Noticed knightboat's ghost (amateur VSFi)
  2585 | D:3      | Noticed a phantom
  2941 | D:3      | Upgraded the game from 0.31-a0-925-g0a390f2509 to
                  | 0.31-a0-931-g7b59d4eb97
  2983 | D:4      | Noticed a phantom
  2997 | D:4      | Killed a phantom
  2998 | D:4      | Reached skill level 1 in Spellcasting
  2998 | D:4      | Reached skill level 1 in Earth Magic
  2998 | D:4      | Gained mutation: Your demonic aura sometimes causes spilled
                  | blood to erupt in flames. [demonic ancestry]
  2998 | D:4      | Reached XP level 5. HP: 34/38 MP: 3/6
  3242 | D:4      | Reached skill level 4 in Unarmed Combat
  3372 | D:4      | Reached XP level 6. HP: 16/44 MP: 4/7
  3589 | D:4      | Found an ancient bone altar of Kikubaaqudgha.
  3597 | D:4      | Became a worshipper of Kikubaaqudgha
  3681 | D:4      | Slain by a gnoll

Illustrated notes

Levels and vault maps discovered:
D:1:      mushboom_english_gardens, layout_basic
D:2:      layout_basic, shapermc_ecumenical_altar_rom_forum
D:3:      layout_loops_ring, ebering_ghost_inner_flame, uniq_robin
D:4:      layout_basic, mainiacjoe_overflow_cross_hatched

Skill      XL: |  1  2  3  4  5 |
---------------+----------------+-----
Unarmed Combat | 3 4 |  4.3
Dodging        | 2 |  2.6
Shapeshifting  | 3 |  3.4
Fighting       | 2 |  2.2
Spellcasting   | 1 |  1.2
Earth Magic    | 1 |  1.4
Stealth        | |  0.6
Necromancy     | |  0.1

Action                     |  1- 3 |  4- 6 || total
---------------------------+-------+-------++-------
  Melee: Unarmed           |   153 |    73 ||   226
         Punch             |     7 |     1 ||     8
  Throw: Stone             |     3 |       ||     3
   Cast: Sandblast         |       |    12 ||    12
Ability: Begin Untransform |       |     2 ||     2
    Use: Potion            |       |     2 ||     2
   Stab: Sleeping          |     5 |     1 ||     6
 Armour: Animal skin       |    78 |    41 ||   119
         Skin              |       |     5 ||     5
  Dodge: Dodged            |   104 |    33 ||   137
   Form: Beast             |       |     2 ||     2

Table legend: (Time is in decaauts)
 A = Elapsed time spent in this place.
 B = Non-inter-level travel time spent in this place.
 C = Inter-level travel time spent in this place.
 D = Time resting spent in this place.
 E = Time spent auto-exploring this place.
 F = Levels seen in this place.
 G = Mean time per level.
                   A        B        C        D        E       F      G
               +--------+--------+--------+--------+--------+-----+--------+
         Total |   3673 |   3572 |    101 |     33 |   2869 |   4 |  918.2 |
       Dungeon |   3673 |   3572 |    101 |     33 |   2869 |   4 |  918.2 |
               +--------+--------+--------+--------+--------+-----+--------+

Top non-repeatable levels by time:
     D:1: 1040 daAuts
     D:3: 1006 daAuts
     D:2: 916 daAuts
     D:4: 709 daAuts
